 Dungeon Crawl Stone Soup version 0.24-a0-226-gca05e9d (webtiles) character file.

Game seed: 3885888945761108842

76 EazyBreezy the Skirmisher (level 4, 0/37 HPs)
             Began as a Demonspawn Berserker on Apr 1, 2019.
             Was a Believer of Trog.
             Succumbed to an adder's poison
             ... on level 2 of the Dungeon.
             The game lasted 00:02:47 (1492 turns).

EazyBreezy the Skirmisher (Demonspawn Berserker)    Turns: 1492, Time: 00:02:47

Health: 0/37       AC:  2    Str: 17    XL:     4   Next: 12%
Magic:  0/4        EV: 12    Int: 14    God:    Trog [**....]
Gold:   45         SH:  0    Dex: 13    Spells: 3/3 levels left

rFire    + . .     SeeInvis .   a - +1 falchion
rCold    + . .     Gourm    .   (no shield)
rNeg     . . .     Faith    .   b - +0 animal skin
rPois    +         Spirit   +   (helmet restricted)
rElec    +         Reflect  .   (no cloak)
rCorr    +         Harm     .   (no gloves)
MR       .....                  (no boots)
Stlth    ++........             (no amulet)
HPRegen  0.12/turn              (no ring)
MPRegen  0.09/turn              (no ring)

@: brilliant, lethally poisoned (0 -> -6), resistant
A: horns 1, magic shield
a: Berserk, Trog's Hand, Renounce Religion


You were on level 2 of the Dungeon.
You worshipped Trog.
Trog was pleased with you.
You were not hungry.

You visited 1 branch of the dungeon, and saw 2 of its levels.

You collected 45 gold pieces.

Inventory:

Hand Weapons
 a - a +1 falchion (weapon)
Armour
 b - a +0 animal skin (worn)
Potions
 h - a potion of cancellation {unknown}
 j - a potion of curing {unknown}
Comestibles
 c - a ration


   Skills:
 * Level 3.7 Fighting
 * Level 3.4 Long Blades
 * Level 2.0 Armour
 * Level 2.2 Dodging
 * Level 1.0 Stealth


You had 3 spell levels left.
You didn't know any spells.
Your spell library was empty.

Dungeon Overview and Level Annotations

Branches:
Dungeon (2/15)

Altars:

Annotations:
D:2 Natasha


Innate Abilities, Weirdness & Mutations

You have a pair of small horns on your head.
When hurt, damage is shared between your health and your magic reserves.


Message History

You feel sick.
As you read the scroll labeled NESMEE ZUIMOE, it crumbles to dust.
You assume a fearsome visage.
Nothing appears to happen.
It was a scroll of fear.
* * * LOW HITPOINT WARNING * * *
You feel sick.
As you read the scroll labeled UDYTRE OTOAR, it crumbles to dust.
You feel aware of your surroundings.
It was a scroll of magic mapping.
* * * LOW HITPOINT WARNING * * *
You feel sick.
As you read the scroll labeled ULUSET KAFIPPU, it crumbles to dust.
It is a scroll of enchant weapon.
Your +0 falchion glows red for a moment.
It was a potion of resistance.
You feel protected.
* * * LOW HITPOINT WARNING * * *
You feel sick.
It was a potion of brilliance.
You feel clever all of a sudden.
You die...

#.##...##,*#*,,* **,
#.#.....#,* *,,****,*
#.......#,***,,*,,,,,
#.#.....#,>,,,,,,***#
#.##...##,#**,,,,,,..
#.#######.##*,,,,,,.,
#...........,,,*****.
##..........,,** **
###@#..####*** *
#†#,.#** *
***#..S...#** *
*,,.........** *
*,##........,***** *
*,*#........,,,,,* *
*,*#........,***,****
*,*#.#.####.****,,,,,
*,*#....,,,,,,,,*****


There were no monsters in sight!

Vanquished Creatures
  Natasha (D:2)
  An adder (D:2)
  An ooze (D:2)
  2 worms (D:2)
  3 dart slugs
  A leopard gecko (D:2)
  2 giant cockroaches (D:1)
  4 goblins
  A ball python (D:2)
  4 bats (D:1)
  A frilled lizard (D:1)
  4 kobolds (D:1)
  9 rats
34 creatures vanquished.

Notes
Turn   | Place    | Note
-------+----------+-------------------------------------------
     0 | D:1      | EazyBreezy the Demonspawn Berserker began the quest for the
                  | Orb.
     0 | D:1      | Reached XP level 1. HP: 18/18 MP: 1/1
   408 | D:1      | Gained mutation: When hurt, damage is shared between your
                  | health and your magic reserves. [demonic ancestry]
   408 | D:1      | Reached XP level 2. HP: 22/24 MP: 2/2
  1296 | D:2      | Gained mutation: You have a pair of small horns on your
                  | head. [demonic ancestry]
  1296 | D:2      | Reached XP level 3. HP: 20/29 MP: 3/3
  1344 | D:2      | Reached ** piety under Trog
  1375 | D:2      | Noticed Natasha
  1380 | D:2      | Killed Natasha
  1380 | D:2      | Reached skill level 1 in Stealth
  1471 | D:2      | Noticed Natasha
  1487 | D:2      | Reached XP level 4. HP: 5/37 MP: 0/4
  1491 | D:2      | HP: 1/37 [poisoned by an adder]
  1492 | D:2      | Succumbed to an adder's poison

Levels and vault maps discovered:
D:1:      minmay_arrival_jagged, layout_basic
D:2:      layout_loops_ring, minmay_misc_feat_enclosed, chequers_jeans,
          uniq_natasha, uniq_jessica, uniq_sigmund

Skill      XL: |  1  2  3 |
---------------+----------+-----
Long Blades    | 3 |  3.4
Dodging        | 2 |  2.2
Armour         | 2 |  2.0
Stealth        | 1 |  1.0
Fighting       | |  3.7

Action                   |  1- 3 |  4- 6 || total
-------------------------+-------+-------++-------
Melee: Falchion          |   100 |       ||   100
       Headbutt          |     4 |       ||     4
Invok: Berserk           |     1 |       ||     1
  Use: Scroll            |     2 |     3 ||     5
       Potion            |       |     2 ||     2
  Eat: Ration            |     1 |       ||     1
Armor: Animal skin       |    22 |       ||    22
Dodge: Dodged            |    70 |       ||    70
       Rpst.: Falchion   |    18 |       ||    18

Table legend:
 A = Non-vault XP
 B = Vault XP
 C = Vault XP percentage of total XP
 D = Non-vault monster count
 E = Vault monster count
 F = Vault count percentage of total count
                 A         B        C        D         E       F
            +---------+---------+-------+---------+---------+-------
      Total |      74 |      35 |  32.1 |      33 |       1 |   2.9
            +---------+---------+-------+---------+---------+-------
        D:1 |      28 |       0 |   0.0 |      21 |       0 |   0.0
        D:2 |      46 |      35 |  43.2 |      12 |       1 |   7.7
            +---------+---------+-------+---------+---------+-------
